 Dungeon Crawl Stone Soup version 0.29.0-7-g18a832c13a (webtiles) character file.

Game seed: 12852409550004525514

15 spiderkeys the Caller (level 2, 0/11 HPs)
             Began as a Felid Summoner on Sept 1, 2022.
             Slain by a jackal (1 damage)
             ... on level 1 of the Dungeon.
             The game lasted 00:01:23 (273 turns).

spiderkeys the Caller (Felid Summoner)               Turns: 273, Time: 00:01:24

Health: 0/11       AC:  1    Str:  4    XL:     2   Next: 34%
Magic:  2/6        EV: 17    Int: 16    God:
Gold:   0          SH:  0    Dex: 16    Spells: 4/5 levels left
                                        Lives:  0   Deaths: 0

rFire   . . .      SeeInvis +   (weapon unavailable)
rCold   . . .      Faith    .   (shield unavailable)
rNeg    . . .      Spirit   .   (body armour unavailable)
rPois   .          Reflect  .   (helmet unavailable)
rElec   .          Harm     .   (cloak unavailable)
rCorr   .          Rampage  .   (gloves unavailable)
Will    .....                   (boots unavailable)
Stlth   ++........              (no amulet)
HPRegen 0.03/turn               (no ring)
MPRegen 0.10/turn               (no ring)

@: quick
A: very small, claws 1, fangs 3, see invisible, speed 1, shaggy fur 1, stealthy
paws, no weapons or thrown items, no armour, multi-lived
a: no special abilities


You were on level 1 of the Dungeon.
You visited 1 branch of the dungeon, and saw 1 of its levels.


Innate Abilities, Weirdness & Mutations

You have sharp claws.
You have razor-sharp teeth.
You have supernaturally acute eyesight. (SInv)
You cover ground quickly. (Speed+)
You are covered in fur. (AC +1)
Your paws help you pounce on unaware monsters.
You are incapable of wielding weapons or throwing items.
You cannot wear armour.
You gain extra lives every three experience levels.


   Skills:
 - Level 2.6 Dodging
 - Level 2.6 Stealth
 + Level 2.4 Spellcasting
 + Level 4.3 Summonings


You had 4 spell levels left.
You knew the following spells:

 Your Spells              Type           Power      Damage    Failure   Level
s - Summon Small Mammal   Summ           60%        N/A       3%          1

Your spell library contained the following spells:

 Spells                   Type           Power      Damage    Failure   Level
 Call Imp                 Summ           15%        N/A       4%          2
 Call Canine Familiar     Summ           15%        N/A       10%         3
 Summon Guardian Golem    Hex/Summ       8%         N/A       24%         3
 Summon Lightning Spire   Summ/Air       8%         N/A       63%         4

Inventory:

Potions
 a - a potion of magic
 b - a potion of mutation {unknown}

Dungeon Overview and Level Annotations

Branches:
Dungeon (1/15) Zot: 5749

Altars:

###.......#.##
#...$.###
##......#..####........
#............#.....#
#............#.....#
#..............g##.#
#...........#g#h#
#.....#.....#h#.#
#...........#h#g#
####.....#######@hh#
ยง...####.# ##hh...#
....# #.# #)r...)..
....# # .####.##. ....#
.. >.. ....# .. ##.
....# ... ....# ...
..(.#


You could see 6 jackals, a hobgoblin, a goblin and a friendly quokka (summoned).


Message History

You lost 1 mp, and now have 2/6 mp.
Unknown command.
Your bat barely misses the jackal.
The goblin hits your quokka with a +0 dagger.
The jackal bites your bat.
Your quokka barely misses the jackal.
You scratch the jackal but do no damage.
Your bat hits the jackal.
Your bat closely misses the jackal.
The goblin hits your quokka with a +0 dagger.
The jackal barely misses you.
Your bat barely misses the jackal.
The jackal bites your bat.
Your quokka misses the jackal. The jackal closely misses your quokka.
You scratch the jackal. Your bat misses the jackal.
Your bat hits the jackal but does no damage.
The jackal closely misses your bat. The jackal barely misses your bat.
The goblin barely misses your quokka.
Your bat hits the jackal but does no damage.
Your quokka closely misses the jackal.
The jackal misses your quokka. The jackal bites your bat.
Your bat dies!
Your bat's corpse disappears in a puff of smoke!
The jackal bites your quokka.
Casting: Summon Small Mammal (safe; 3% risk of failure)
Confirm with . or Enter, or press ? or * to list all spells.
The jackal bites your quokka but does no damage.
The jackal misses your quokka.
Your quokka misses the jackal.
The goblin hits your quokka with a +0 dagger.
Your quokka dies!
Your quokka's corpse disappears in a puff of smoke! ๐Ÿ˜Ž MP[-1]
You lost 1 mp, and now have 1/6 mp.
You scratch the jackal but do no damage.
The jackal closely misses you. The jackal bites you.
The jackal barely misses your quokka.
Your quokka closely misses the goblin. ๐Ÿ˜• HP[-1]
You take 1 damage, and now have 10/11 hp.
You scratch the jackal but do no damage.
The jackal closely misses you. The jackal misses you.
The jackal closely misses your quokka.
Your quokka closely misses the goblin.
The jackal misses you.
The jackal bites you but does no damage.
You closely miss the jackal. Your bite misses the jackal.
The jackal closely misses you. The jackal barely misses you.
The jackal misses you.
Your quokka bites the goblin.
The jackal barely misses you.
You scratch the jackal but do no damage.
The jackal barely misses you.
The jackal bites you but does no damage.
Your quokka bites the goblin.
The goblin dies!
The jackal misses you. The jackal barely misses you.
The jackal bites you. ๐Ÿ˜ฎ HP[-3]
You take 3 damage, and now have 7/11 hp.
MASSIVE DAMAGE!! (PAUSE)
You closely miss the jackal.
Your quokka barely misses the jackal.
The jackal bites you but does no damage.
The jackal closely misses you. The jackal completely misses you.
Your quokka closely misses the jackal. ๐Ÿ˜ฎ MP[+1]
You aren't carrying any scrolls.
Unknown command.
Sorry, you're not good enough to have a special ability.
Unknown command.
You barely miss the jackal. The jackal completely misses you.
The jackal misses you. The jackal bites you.
* * * LOW HITPOINT WARNING * * *
The jackal closely misses you.
Your quokka closely misses the jackal. ๐Ÿ˜จ HP[-2]
You take 2 damage, and now have 5/11 hp.
Unknown command.
You scratch the jackal but do no damage.
The jackal bites you.
* * * LOW HITPOINT WARNING * * *
The jackal bites you.
* * * LOW HITPOINT WARNING * * *
The jackal closely misses you.
Your quokka barely misses the jackal.
The jackal misses you. x2 ๐Ÿ˜ฑ HP[-3]
You take 3 damage, and now have 2/11 hp.
MASSIVE DAMAGE!! (PAUSE)
You barely miss the jackal. You bite the jackal, but do no damage.
The jackal barely misses you.
Your quokka bites the jackal.
The jackal dies!
The jackal barely misses you. The jackal closely misses you.
You scratch the jackal but do no damage.
The jackal completely misses you.
Your quokka barely misses the jackal.
The jackal barely misses you. x2; The jackal misses you.
You closely miss the jackal. Your bite misses the jackal.
The jackal closely misses you.
Your quokka bites the jackal but does no damage.
The jackal barely misses you.
The jackal bites you but does no damage.
The jackal closely misses you.
Your quokka bites the jackal.
You closely miss the jackal. Your bite misses the jackal.
The jackal completely misses you. The jackal misses you.
The jackal closely misses you. x2; Your quokka closely misses the jackal.
You scratch the jackal but do no damage.
The jackal barely misses you. The jackal bites you.
* * * LOW HITPOINT WARNING * * *
The jackal bites you.
You die...

Action                   || total
-------------------------++-------
Melee: Unarmed           ||    14
       Bite              ||     1
 Cast: Summon Small Mamm ||    15
Armor: Skin              ||     4
Dodge: Dodged            ||    36

Levels and vault maps discovered:
D:1:      onia_arrival_zoo_common, layout_basic,
          hellmonk_ecumenical_altar_crossroads

Notes
Turn   | Place    | Note
-------+----------+-------------------------------------------
     0 | D:1      | spiderkeys the Felid Summoner began the quest for the Orb.
     0 | D:1      | Reached XP level 1. HP: 7/7 MP: 4/4
     0 | D:1      | magus.rc [v1.11.3]
    11 | D:1      | Noticed a lindwurm
    11 | D:1      | Noticed a rime drake
    11 | D:1      | Noticed a black bear
   129 | D:1      | Reached XP level 2. HP: 11/11 MP: 3/6
   166 | D:1      | Found a faded altar of an unknown god.
   268 | D:1      | HP: 2/11 [jackal (1)]
   273 | D:1      | HP: 1/11 [jackal (1)]
   273 | D:1      | Slain by a jackal

Vanquished Creatures (collateral kills)
  2 dart slugs (D:1)
  A ball python (D:1)
  2 endoplasms (D:1)
  A giant cockroach (D:1)
  A goblin (D:1)
  A jackal (D:1)
  A frilled lizard (D:1)
  A rat (D:1)
10 creatures vanquished.

Table legend:
 A = Non-vault XP
 B = Vault XP
 C = Vault XP percentage of total XP
 D = Non-vault monster count
 E = Vault monster count
 F = Vault count percentage of total count
                 A         B        C        D         E       F
            +---------+---------+-------+---------+---------+-------
      Total |      22 |       0 |   0.0 |      10 |       0 |   0.0
            +---------+---------+-------+---------+---------+-------
        D:1 |      22 |       0 |   0.0 |      10 |       0 |   0.0
            +---------+---------+-------+---------+---------+-------

Illustrated notes

Table legend:
 A = Kills in this place as a percentage of kills in entire the game.
 B = Kills by you in this place as a percentage of kills by you in the entire game.
 C = Kills by friends in this place as a percentage of kills by friends in the entire game.
 D = Other kills in this place as a percentage of other kills in the entire game.
 E = Experience gained in this place as a percentage of experience gained in the entire game.
 F = Experience gained in this place divided by the number of levels of this place that you have seen.
                   A       B       C       D       E      F
               +-------+-------+-------+-------+-------+----------------------
         Total | 100.0 |   N/A | 100.0 |   N/A | 100.0 |  22.0
       Dungeon | 100.0 |   N/A | 100.0 |   N/A | 100.0 |  22.0
               +-------+-------+-------+-------+-------+----------------------

Table legend: (Time is in decaauts)
 A = Elapsed time spent in this place.
 B = Non-inter-level travel time spent in this place.
 C = Inter-level travel time spent in this place.
 D = Time resting spent in this place.
 E = Time spent auto-exploring this place.
 F = Levels seen in this place.
 G = Mean time per level.
                   A        B        C        D        E       F      G
               +--------+--------+--------+--------+--------+-----+--------+
         Total |    249 |    249 |      0 |      0 |    168 |   1 |  249.0 |
       Dungeon |    249 |    249 |      0 |      0 |    168 |   1 |  249.0 |
               +--------+--------+--------+--------+--------+-----+--------+

Top non-repeatable levels by time:
     D:1: 249 daAuts
